3AA
WESTWOOD SIXSHOOTERS @ SALEM MISFITS
08/28/2022
 
TOP OF THE 1ST
Westwood Sixshooters batting - Pitching for Salem Misfits : LHP Javier Roldán
Pitching: LHP Javier Roldán
Batting: RHB Manuel Becerra 0-0: Called Strike
0-1: Called Strike
0-2: Ball
1-2: Strikes out swinging
Batting: LHB José Martínez 0-0: Ball
1-0: Foul Ball, location: 2F
1-1: Foul Ball, location: 2F
1-2: Foul Ball, location: 2F
1-2: Foul Ball, location: 2F
1-2: Ball
2-2: Ball
3-2: Strikes out swinging
Batting: RHB Wes Shannon 0-0: Ball
1-0: Foul Ball, location: 2F
1-1: Ball
2-1: Ball
3-1: Base on Balls
Batting: RHB Sergio Martínez 0-0: Ball
1-0: Ball
2-0: Ball
3-0: Called Strike
3-1: Ground out 4-3 (Groundball, 4)
Top of the 1st over - 0 run(s), 0 hit(s), 0 error(s), 1 left on base; Westwood 0 - Salem 0
BOTTOM OF THE 1ST
Salem Misfits batting - Pitching for Westwood Sixshooters : RHP Jorge Carrión
Pitching: RHP Jorge Carrión
Batting: RHB Jim Unknown 0-0: Called Strike
0-1: Ball
1-1: SINGLE (Line Drive, 89S)
Batting: LHB Micheal Garren 0-0: Grounds into double play, 4-6-3 (Groundball, 4)
Batting: RHB Steve Duncan 0-0: Called Strike
0-1: Ball
1-1: Fly out, F6 (Line Drive, 56D)
Bottom of the 1st over - 0 run(s), 1 hit(s), 0 error(s), 0 left on base; Westwood 0 - Salem 0
TOP OF THE 2ND
Westwood Sixshooters batting - Pitching for Salem Misfits : LHP Javier Roldán
Batting: RHB Ronnie Cleveland 0-0: Ball
1-0: DOUBLE (Line Drive, 78M)
Batting: SHB Tim Moss 0-0: Ball
1-0: Ball
2-0: Ball
3-0: Base on Balls
Batting: RHB Aurelio García 0-0: Foul Ball, location: 2F
0-1: Called Strike
0-2: Strikes out swinging
Batting: RHB Jorge Morales 0-0: Ground out 4-3 (Groundball, 4M)
Ronnie Cleveland to third
Tim Moss to second
Batting: RHB Richard Hicks 0-0: Called Strike
0-1: Ball
1-1: Swinging Strike
1-2: Foul Ball, location: 2F
1-2: Ball
2-2: Strikes out swinging
Top of the 2nd over - 0 run(s), 1 hit(s), 0 error(s), 2 left on base; Westwood 0 - Salem 0
BOTTOM OF THE 2ND
Salem Misfits batting - Pitching for Westwood Sixshooters : RHP Jorge Carrión
Batting: RHB Luis Martínez 0-0: Ball
1-0: Ball
2-0: Ball
3-0: Base on Balls
Batting: SHB Arturo Romero 0-0: Ball
1-0: Called Strike
1-1: Ball
2-1: Swinging Strike
2-2: Reached on error, E1 (Groundball, 13)
Luis Martínez to second
Batting: RHB Héctor Cantú 0-0: Ball
1-0: Called Strike
1-1: Ball
2-1: Foul Ball, location: 2F
2-2: Foul Ball, location: 2F
2-2: Ball
3-2: Fly out, F3 (Popup, 13)
Batting: SHB Jim Unknown 0-0: DOUBLE (Line Drive, 3L)
Luis Martínez scores
Arturo Romero to third
Batting: RHB Jim Unknown 0-0: Ball
1-0: Foul Ball, location: 2F
1-1: SINGLE (Line Drive, 4)
Arturo Romero scores
Jim Unknown to third
Batting: RHB Jim Unknown 0-0: Called Strike
0-1: Ball
1-1: Ball
2-1: Ball
3-1: Called Strike
3-2: Foul Ball, location: 2F
3-2: Foul Ball, location: 2F
3-2: Foul Ball, location: 2F
3-2: Foul Ball, location: 2F
3-2: Base on Balls
Jim Unknown to second
Batting: RHB Jim Unknown 0-0: Called Strike
0-1: Ball
1-1: Ball
2-1: Ball
3-1: Base on Balls
Jim Unknown scores
Jim Unknown to third
Jim Unknown to second
Batting: LHB Micheal Garren 0-0: Ball
1-0: Fly out, F7 (Line Drive, 78S)
Batting: RHB Steve Duncan 0-0: Ball
1-0: Foul Ball, location: 2F
1-1: Ball
2-1: Fielders Choice at 2nd, 5-4 (Groundball, 56)
Bottom of the 2nd over - 3 run(s), 2 hit(s), 1 error(s), 2 left on base; Westwood 0 - Salem 3
TOP OF THE 3RD
Westwood Sixshooters batting - Pitching for Salem Misfits : LHP Javier Roldán
Batting: RHB Manuel Becerra 0-0: Ball
1-0: Called Strike
1-1: Called Strike
1-2: Ball
2-2: Foul Ball, location: 2F
2-2: Foul Ball, location: 2F
2-2: Ball
3-2: Base on Balls
Batting: LHB José Martínez 0-0: Called Strike
0-1: Ball
Manuel Becerra is caught stealing 2nd base
1-1: Fly out, F9 (Line Drive, 9S)
Batting: RHB Wes Shannon 0-0: Ground out 6-3 (Groundball, 6)
Top of the 3rd over - 0 run(s), 0 hit(s), 0 error(s), 0 left on base; Westwood 0 - Salem 3
BOTTOM OF THE 3RD
Salem Misfits batting - Pitching for Westwood Sixshooters : RHP Jorge Carrión
Batting: RHB Luis Martínez 0-0: Ball
1-0: Ball
2-0: Called Strike
2-1: Ball
3-1: Called Strike
3-2: Ground out 6-3 (Groundball, 6)
Batting: SHB Arturo Romero 0-0: Called Strike
0-1: Foul Ball, location: 2F
0-2: Ball
1-2: Ball
2-2: Ball
3-2: Ground out 4-3 (Groundball, 4)
Batting: RHB Héctor Cantú 0-0: SINGLE (Line Drive, 89S)
Batting: SHB Jim Unknown 0-0: Fly out, F8 (Flyball, 8RM)
Bottom of the 3rd over - 0 run(s), 1 hit(s), 0 error(s), 1 left on base; Westwood 0 - Salem 3
TOP OF THE 4TH
Westwood Sixshooters batting - Pitching for Salem Misfits : LHP Javier Roldán
Batting: RHB Sergio Martínez 0-0: Ball
1-0: Ground out 4-3 (Groundball, 4)
Batting: RHB Ronnie Cleveland 0-0: Called Strike
0-1: Ball
1-1: Ball
2-1: Fly out, F7 (Flyball, 7M)
Batting: SHB Tim Moss 0-0: Ball
1-0: Called Strike
1-1: Ball
2-1: Fly out, F7 (Flyball, 78M)
Top of the 4th over - 0 run(s), 0 hit(s), 0 error(s), 0 left on base; Westwood 0 - Salem 3
BOTTOM OF THE 4TH
Salem Misfits batting - Pitching for Westwood Sixshooters : RHP Jorge Carrión
Batting: RHB Jim Unknown 0-0: Ball
1-0: Ball
2-0: Ball
3-0: Base on Balls
Batting: RHB Jim Unknown 0-0: Swinging Strike
0-1: Ball
1-1: Grounds into double play, 6-4-3 (Groundball, 6)
Batting: RHB Jim Unknown 0-0: Ball
1-0: SINGLE (Line Drive, 4D)
Batting: LHB Micheal Garren 0-0: Called Strike
0-1: Fly out, F9 (Flyball, 89S)
Bottom of the 4th over - 0 run(s), 1 hit(s), 0 error(s), 1 left on base; Westwood 0 - Salem 3
TOP OF THE 5TH
Westwood Sixshooters batting - Pitching for Salem Misfits : LHP Javier Roldán
Batting: RHB Aurelio García 0-0: Ball
1-0: Ball
2-0: Fly out, F6 (Popup, 6D)
Batting: RHB Jorge Morales 0-0: Called Strike
0-1: Ball
1-1: Ground out 5-3 (Groundball, 56S)
Batting: RHB Richard Hicks 0-0: Called Strike
0-1: Ball
1-1: Called Strike
1-2: Ball
2-2: Foul Ball, location: 2F
2-2: Ground out 4-3 (Groundball, 34)
Top of the 5th over - 0 run(s), 0 hit(s), 0 error(s), 0 left on base; Westwood 0 - Salem 3
BOTTOM OF THE 5TH
Salem Misfits batting - Pitching for Westwood Sixshooters : RHP Jorge Carrión
Batting: RHB Steve Duncan 0-0: Foul Ball, location: 2F
0-1: Foul Ball, location: 2F
0-2: Ball
1-2: Ball
2-2: Foul Ball, location: 2F
2-2: SINGLE (Groundball, 6MD)
Batting: RHB Luis Martínez 0-0: Ball
1-0: Called Strike
1-1: Swinging Strike
1-2: Ball
2-2: Foul Ball, location: 2F
2-2: Strikes out swinging
Batting: SHB Arturo Romero 0-0: Called Strike
0-1: Foul Ball, location: 2F
0-2: Ball
1-2: Strikes out swinging
Batting: RHB Héctor Cantú 0-0: Foul Ball, location: 2F
0-1: Ball
1-1: Fielders Choice at 2nd, U4 (Groundball, 4M)
Bottom of the 5th over - 0 run(s), 1 hit(s), 0 error(s), 1 left on base; Westwood 0 - Salem 3
TOP OF THE 6TH
Westwood Sixshooters batting - Pitching for Salem Misfits : LHP Javier Roldán
Batting: RHB Manuel Becerra 0-0: Foul Ball, location: 2F
0-1: Ball
1-1: Swinging Strike
1-2: Foul Ball, location: 2F
1-2: Ball
2-2: Strikes out swinging
Batting: LHB José Martínez 0-0: Foul Ball, location: 2F
0-1: Swinging Strike
0-2: Ball
1-2: Ball
2-2: Ball
3-2: Foul Ball, location: 2F
3-2: Strikes out looking
Batting: RHB Wes Shannon 0-0: Called Strike
0-1: Ball
1-1: Foul Ball, location: 2F
1-2: Ball
2-2: Ball
3-2: Strikes out swinging
Top of the 6th over - 0 run(s), 0 hit(s), 0 error(s), 0 left on base; Westwood 0 - Salem 3
BOTTOM OF THE 6TH
Salem Misfits batting - Pitching for Westwood Sixshooters : RHP Jorge Carrión
Batting: SHB Jim Unknown 0-0: Called Strike
0-1: Foul Ball, location: 2F
0-2: Hit by Pitch
Batting: RHB Jim Unknown 0-0: Ball
1-0: Called Strike
Jim Unknown is caught stealing 2nd base
1-1: Fly out, F7 (Flyball, 7M)
Batting: RHB Jim Unknown 0-0: Ball
1-0: Swinging Strike
1-1: Foul Ball, location: 2F
1-2: Foul Ball, location: 2F
1-2: Fly out, F6 (Line Drive, 6)
Bottom of the 6th over - 0 run(s), 0 hit(s), 0 error(s), 0 left on base; Westwood 0 - Salem 3
TOP OF THE 7TH
Westwood Sixshooters batting - Pitching for Salem Misfits : LHP Javier Roldán
Batting: RHB Sergio Martínez 0-0: Ball
1-0: Ball
2-0: Ball
3-0: Called Strike
3-1: Base on Balls
Batting: RHB Ronnie Cleveland 0-0: Ball
1-0: Ball
2-0: Called Strike
2-1: Foul Ball, location: 2F
2-2: Strikes out swinging
Batting: SHB Tim Moss 0-0: Ball
1-0: Ball
2-0: Called Strike
2-1: SINGLE (Groundball, 4MD)
Sergio Martínez to second
Runner from 2nd tries for 3rd, SAFE, throw made to third
Batting: RHB Aurelio García 0-0: SINGLE (Line Drive, 56D)
Sergio Martínez scores
Tim Moss to second
Pitching: RHP Jim Unknown
Batting: RHB Jorge Morales 0-0: Ball
1-0: Swinging Strike
1-1: Foul Ball, location: 2F
1-2: Strikes out swinging
Batting: RHB Richard Hicks 0-0: Swinging Strike
0-1: Called Strike
0-2: Strikes out swinging
Top of the 7th over - 1 run(s), 2 hit(s), 0 error(s), 2 left on base; Westwood 1 - Salem 3
BOTTOM OF THE 7TH
Salem Misfits batting - Pitching for Westwood Sixshooters : RHP Jorge Carrión
Batting: RHB Jim Unknown 0-0: Foul Ball, location: 2F
0-1: Fly out, F4 (Line Drive, 4M)
Batting: LHB Micheal Garren 0-0: Called Strike
0-1: Ball
1-1: Foul Ball, location: 2F
1-2: Ball
2-2: Strikes out swinging
Batting: RHB Steve Duncan 0-0: Ball
1-0: Ball
2-0: Called Strike
2-1: Fly out, F6 (Popup, 78S)
Bottom of the 7th over - 0 run(s), 0 hit(s), 0 error(s), 0 left on base; Westwood 1 - Salem 3
TOP OF THE 8TH
Westwood Sixshooters batting - Pitching for Salem Misfits : RHP Jim Unknown
Batting: RHB Manuel Becerra 0-0: Called Strike
0-1: Called Strike
0-2: Strikes out swinging
Batting: LHB José Martínez 0-0: Ball
1-0: Ball
2-0: Ball
3-0: Called Strike
3-1: Base on Balls
Pitching: RHP Jim Unknown
Batting: RHB Wes Shannon 0-0: Ball
1-0: Called Strike
1-1: Ball
2-1: Ball
3-1: Called Strike
3-2: Grounds into double play, 6-4-3 (Groundball, 6)
Top of the 8th over - 0 run(s), 0 hit(s), 0 error(s), 0 left on base; Westwood 1 - Salem 3
BOTTOM OF THE 8TH
Salem Misfits batting - Pitching for Westwood Sixshooters : RHP Jorge Carrión
Pitching: LHP Don Bender
Batting: RHB Luis Martínez 0-0: Ball
1-0: Called Strike
1-1: Ball
2-1: Called Strike
2-2: Fly out, F8 (Flyball, 8LM)
Batting: SHB Arturo Romero 0-0: Ball
1-0: Foul Ball, location: 2F
1-1: Foul Ball, location: 2F
1-2: Strikes out swinging
Batting: RHB Héctor Cantú 0-0: Called Strike
0-1: Ground out 6-3 (Groundball, 6)
Bottom of the 8th over - 0 run(s), 0 hit(s), 0 error(s), 0 left on base; Westwood 1 - Salem 3
TOP OF THE 9TH
Westwood Sixshooters batting - Pitching for Salem Misfits : RHP Jim Unknown
Pitching: RHP Sean LeBlanc
Batting: RHB Sergio Martínez 0-0: Called Strike
0-1: Ball
1-1: Fly out, F8 (Flyball, 8RM)
Batting: RHB Ronnie Cleveland 0-0: Called Strike
0-1: Called Strike
0-2: Ball
1-2: SINGLE (Line Drive, 6M)
Pinch Hitting: RHB Jason Boyer 0-0: Foul Ball, location: 2F
0-1: Called Strike
0-2: Ball
1-2: Strikes out swinging
Batting: RHB Aurelio García 0-0: Foul Ball, location: 2F
0-1: Foul Ball, location: 2F
0-2: Ball
1-2: Fly out, F5 (Popup, 5S)
Top of the 9th over - 0 run(s), 1 hit(s), 0 error(s), 1 left on base; Westwood 1 - Salem 3
This league is powered by Out of the Park Baseball, the baseball management simulation game for PC, Mac and Linux
Friday, April 15th, 2016 - OOTP Baseball 16.9 Build 39